 Dungeon Crawl Stone Soup version 0.21-a0-270-g8204059 (webtiles) character file.

1115 Gagarin the Skirmisher (level 8, -7/70 HPs)
             Began as a White Draconian Transmuter on Sept 13, 2017.
             Mangled by a two-headed ogre
             ... wielding a +0 dire flail
              (20 damage)
             ... on level 7 of the Dungeon.
             The game lasted 00:26:43 (7091 turns).

Gagarin the Skirmisher (White Draconian Transmuter) Turns: 7091, Time: 00:26:44

Health: -7/70      AC:  8    Str: 14    XL:     8   Next: 12%
Magic:  9/12       EV: 14    Int: 14    God:
Gold:   288        SH:  0    Dex: 12    Spells: 8/12 levels left

rFire    . . .     SeeInvis .     - Unarmed
rCold    + . .     Gourm    .   (no shield)
rNeg     . . .     Faith    .   (armour unavailable)
rPois    .         Spirit   .   (helmet restricted)
rElec    .         Reflect  .   d - +0 cloak
rCorr    .         Harm     .   u - +0 pair of gloves
MR       .....                  (no boots)
Stlth    +.........             (no amulet)
HPRegen  0.21/turn              (no ring)
MPRegen  0.13/turn              (no ring)

@: no status effects
A: breathe frost, unfitting armour, cold resistance 1, cold-blooded, AC +6
a: Breathe Frost


You were on level 7 of the Dungeon.
You were not hungry.

You visited 1 branch of the dungeon, and saw 7 of its levels.

You collected 288 gold pieces.

Inventory:

Missiles
 a - 60 arrows
 r - 4 tomahawks of dispersal (quivered)
Armour
 d - a +0 cloak (worn)
 u - a +0 pair of gloves (worn)
Jewellery
 k - an uncursed ring of magical power {unknown}
 p - an uncursed ring of poison resistance {unknown}
 q - an uncursed ring of fire {unknown}
 w - an uncursed ring of positive energy {unknown}
 x - an uncursed amulet of harm {unknown}
Wands
 t - a wand of random effects (28/48)
Scrolls
 e - 5 scrolls of identify {unknown}
 f - a scroll of immolation {unknown}
 g - 2 scrolls of remove curse {unknown}
 h - a scroll of recharging {unknown}
 j - a scroll of fear {unknown}
 m - a scroll of amnesia {unknown}
 o - a scroll of enchant weapon {unknown}
 v - a scroll of blinking {unknown}
 D - a scroll of teleportation {unknown}
Potions
 i - a potion of degeneration {unknown}
 l - 2 potions of agility
 n - 3 potions of curing {unknown}
 s - 4 potions of heal wounds {unknown}
 A - 2 potions of lignification {unknown}
 C - a potion of haste {unknown}
 E - a potion of resistance {unknown}
Books
 b - a book of Changes

   Spells                             Type                      Level
   a - Beastly Appendage              Transmutation                1
   b - Sticks to Snakes               Transmutation                2
   c - Spider Form                    Transmutation/Poison         3
   d - Ice Form                       Ice/Transmutation            4
   e - Blade Hands                    Transmutation                5
 c - a book of Frost

   Spells                             Type                      Level
   a - Freeze                         Ice                          1
   b - Throw Frost                    Conjuration/Ice              2
   c - Ozocubu's Armour               Charms/Ice                   3
   d - Throw Icicle                   Conjuration/Ice              4
   e - Summon Ice Beast               Ice/Summoning                4
 y - a book of Air

   Spells                             Type                      Level
   a - Shock                          Conjuration/Air              1
   b - Swiftness                      Charms/Air                   2
   c - Static Discharge               Conjuration/Air              3
   d - Airstrike                      Air                          4
   e - Lightning Bolt                 Conjuration/Air              5
 B - a book of Necromancy

   Spells                             Type                      Level
   a - Pain                           Necromancy                   1
   b - Animate Skeleton               Necromancy                   1
   c - Vampiric Draining              Necromancy                   3
   d - Regeneration                   Charms/Necromancy            3
   e - Animate Dead                   Necromancy                   4
   f - Control Undead                 Necromancy                   4
Comestibles
 z - 3 bread rations


   Skills:
 + Level 5.7 Fighting
 + Level 4.5 Dodging
 + Level 4.8 Unarmed Combat
 - Level 2.9 Spellcasting
 + Level 4.2 Transmutations
 - Level 2.4 Poison Magic


You had 8 spell levels left.
You knew the following spells:

 Your Spells              Type           Power        Failure   Level  Hunger
a - Beastly Appendage     Tmut           ##....       3%          1    #......
b - Spider Form           Tmut/Pois      ##........   17%         3    ###....


Dungeon Overview and Level Annotations

Branches:
Dungeon (7/15)
 Temple: D:4-7

Altars:
Elyvilon
Hepliaklqana
Nemelex Xobeh
Trog
Uskayaw
Yredelemnul
Zin

Shops:
D:4 (

Annotations:
D:3 Nico3ck's ghost, amateur DsBe
D:6 sergedm's ghost, amateur DECj


Innate Abilities, Weirdness & Mutations

You can breathe waves of freezing cold.
You can buffet flying creatures when you breathe cold.
Your icy white scales are hard. (AC +6)
You cannot fit into any form of body armour.
Your flesh is cold resistant. (rC+)
You are cold-blooded and may be slowed by cold attacks.


Message History

Confirm with . or Enter, or press ? or * to list all spells.
You turn into a venomous arachnid creature.
Your +0 cloak melds into your body.
Your +0 pair of gloves melds into your body.
The two-headed ogre misses you. x2; The orc misses you.
You hit the two-headed ogre.
The two-headed ogre is poisoned.
The two-headed ogre is moderately wounded.
The two-headed ogre hits you with a dire flail!
* * * LOW HITPOINT WARNING * * *
The two-headed ogre closely misses you.
Found 21 stones.
Found a short sword.
You hear the slow hiss of an avalanche of sand nearby.
Your transformation is almost over.
You see here a giant cockroach corpse.
Your transformation has ended.
Your +0 cloak unmelds from your body.
Your +0 pair of gloves unmelds from your body.
The two-headed ogre hits you with a dire flail!!
You die...

.....................
......................
.....................
.......).<...........
###....†.†.....!....
#.)...............
#.................
#.................
#@Oo..............
#......###.......(
##.###.....## ###....#.
.........##.#####......
......#.###..##......#.
.....##.####...........
....# #.##.†#####......
...# #...'## ##+#...
..........#...# ...


You could see a two-headed ogre and an orc.

Vanquished Creatures
  A phantom (D:4)
  An ogre (D:5)
  3 bullfrogs
  Blork the orc (D:4)
  4 scorpions
  A bullfrog zombie (D:5)
  A crimson imp (D:6)
  2 orc priests (D:4)
  An iguana (D:6)
  2 worker ants
  2 orc wizards
  A howler monkey skeleton (D:4)
  A gnoll (D:2)
  8 adders
  2 oozes
  An adder skeleton (D:4)
  3 worms
  A dart slug (D:3)
  4 leopard geckos
  13 orcs
  2 ball pythons
  9 giant cockroaches
  11 goblins
  6 hobgoblins
  8 jackals
  6 kobolds
  4 quokkas
  10 bats
  3 frilled lizards
  5 rats
117 creatures vanquished.

Notes
Turn   | Place    | Note
-------+----------+-------------------------------------------
     0 | D:1      | Gagarin the Draconian Transmuter began the quest for the Orb.
     0 | D:1      | Reached XP level 1. HP: 16/16 MP: 3/3
   145 | D:1      | Reached XP level 2. HP: 15/24 MP: 5/5
   770 | D:1      | Reached skill level 2 in Fighting
  1083 | D:2      | Reached XP level 3. HP: 29/29 MP: 6/6
  1124 | D:2      | Learned a level 3 spell: Spider Form
  1216 | D:2      | Found a faded altar of an unknown god.
  1694 | D:2      | Found a sparkling altar of Nemelex Xobeh.
  1890 | D:2      | Reached XP level 4. HP: 37/37 MP: 5/7
  1949 | D:2      | Reached skill level 1 in Poison Magic
  2435 | D:2      | Reached XP level 5. HP: 35/44 MP: 7/9
  2534 | D:3      | Found a basalt altar of Yredelemnul.
  2554 | D:3      | Reached skill level 3 in Fighting
  2672 | D:3      | Noticed Nico3ck's ghost (amateur DsBe)
  3017 | D:4      | Noticed a phantom
  3252 | D:3      | Found a white marble altar of Elyvilon.
  3362 | D:3      | Reached XP level 6. HP: 40/51 MP: 7/10
  3506 | D:4      | Found a hide-covered altar of Uskayaw.
  3524 | D:4      | Noticed Blork the orc
  3545 | D:4      | Killed Blork the orc
  3733 | D:4      | Reached skill level 4 in Fighting
  4310 | D:4      | Your scales start taking on an icy white colour.
  4310 | D:4      | Reached XP level 7. HP: 60/60 MP: 9/11
  4310 | D:4      | Gained mutation: Your flesh is cold resistant. (rC+) [White Draconian growth]
  4810 | D:4      | Found Weroh's Antique Weapon Boutique.
  4983 | D:5      | Entered Level 5 of the Dungeon
  5170 | D:5      | Found a faded altar of an unknown god.
  5170 | D:5      | Found a bloodstained altar of Trog.
  5175 | D:5      | Found a faded altar of an unknown god.
  5177 | D:5      | Found a hazy altar of Hepliaklqana.
  5180 | D:5      | Found a glowing silver altar of Zin.
  5546 | D:5      | Reached skill level 5 in Fighting
  7013 | D:6      | Noticed sergedm's ghost (amateur DECj)
  7036 | D:7      | Reached XP level 8. HP: 59/69 MP: 8/12
  7040 | D:7      | Noticed a two-headed ogre
  7091 | D:7      | Mangled by a two-headed ogre

Vault maps used:
D:1:      sevenhm_arrival_forest_fort_large_4
D:2:      old_standard_altar, chequers_ecumenical_altar_simple_redux,
          minmay_circled_x
D:3:      lemuel_doored_altar, yredelemnul_altar_generic
D:4:      old_standard_altar, serial_shops, kennysheep_mini, first_bread,
          uniq_blork_the_orc
D:5:      chequers_temple_overflow_minitemple
D:6:      kennysheep_little_box, temple_green, serial_shops, shop,
          uniq_eustachio
D:7:      kennysheep_windowed_halls,
          nicolae_gozag_cash_rules_everything_around_me, basic_altar,
          nicolae_ossuary_entry_false_entrances

Skill      XL: |  1  2  3  4  5  6  7 |
---------------+----------------------+-----
Fighting       | 2 3 4 5 |  5.7
Dodging        | 2 3 4 |  4.5
Transmutations | 3 4 |  4.2
Poison Magic   | 1 2 |  2.4
Unarmed Combat | 4 |  4.8
Spellcasting   | |  2.9

Action                   |  1- 3 |  4- 6 |  7- 9 || total
-------------------------+-------+-------+-------++-------
Melee: Unarmed           |   132 |   249 |   176 ||   557
       Tailslap          |     9 |    15 |    19 ||    43
       Headbutt          |     3 |    13 |     2 ||    18
       Kick              |     6 |    16 |    39 ||    61
       Punch             |       |     3 |     1 ||     4
Throw: Tomahawk          |       |     3 |       ||     3
 Cast: Beastly Appendage |    24 |    28 |    14 ||    66
       Spider Form       |     1 |     7 |     4 ||    12
 Abil: Breathe Frost     |       |       |     4 ||     4
  Use: Potion            |       |     1 |       ||     1
 Stab: Sleeping          |     1 |       |     1 ||     2
  Eat: Chunk             |     4 |     5 |     5 ||    14
       Bread ration      |       |     1 |       ||     1
       Meat ration       |       |       |     1 ||     1
Armor: Skin              |    60 |    58 |    42 ||   160
Dodge: Dodged            |   126 |   196 |   131 ||   453

Table legend:
 A = Spawn XP
 B = Non-spawn XP
 C = Spawn XP percentage of total XP
 D = Spawn monster count
 E = Non-spawn monster count
 F = Spawn count percentage of total count
 G = Total turns spent on level
                    A         B        C        D         E        F      G
               +---------+---------+-------+---------+---------+-------+---------
         Total |       0 |    1593 |   0.0 |       0 |     117 |   0.0 |  7091
               +---------+---------+-------+---------+---------+-------+---------
           D:1 |       0 |      39 |   0.0 |       0 |      21 |   0.0 |  1337
           D:2 |       0 |     159 |   0.0 |       0 |      32 |   0.0 |  1645
           D:3 |       0 |     131 |   0.0 |       0 |      21 |   0.0 |   808
           D:4 |       0 |     424 |   0.0 |       0 |      19 |   0.0 |  1757
           D:5 |       0 |     442 |   0.0 |       0 |      11 |   0.0 |  1388
           D:6 |       0 |     199 |   0.0 |       0 |       5 |   0.0 |    95
           D:7 |       0 |     199 |   0.0 |       0 |       8 |   0.0 |    61
               +---------+---------+-------+---------+---------+-------+---------
